Map: 엔디온 잔해

Players

십팔년일월십팔일 - Winner!

  • Race: Terran Terran
  • League: Grandmaster

llllllllllll (Scarlett)

  • Race: Zerg Zerg
  • League: Grandmaster

VOD

Have the link to the VOD?

Description

Time

  • Played on: April 13, 2016, 10:12 a.m.
  • Length: 9:53
Show
View Real Time Build Order
Export as new Build Order

십팔년일월십팔일 Terran - Winner!

Build Orders: Reaper Expand, MMM Bio 

Get SALT Encoding   

  12  0:01  SCV  
  13  0:13  SCV  
  14  0:17  Supply Depot  
  14  0:25  SCV  
  15  0:39  SCV  
  15  0:40  Barracks  
  16  0:46  Refinery  
  16  0:51  SCV  
  17  1:03  SCV  
  18  1:15  SCV  
  19  1:28  Orbital Command  
  19  1:29  Reaper  
  20  1:42  Command Center  
  20  1:54  SCV  
  21  1:56  Refinery  
  21  2:02  Barracks Reactor  
  21  2:04  Supply Depot  
  21  2:07  SCV  
  21  2:23  SCV  
  21  2:24  Factory  
  22  2:35  SCV  
  23  2:38  Marine  
  23  2:39  Marine  
  25  2:47  SCV  
  25  2:49  Bunker  
  26  2:54  Orbital Command  
  26  2:56  Marine x2  
  28  3:00  SCV  
  29  3:08  Factory Tech Lab  
  29  3:13  Starport  
  29  3:17  SCV  
  30  3:26  SCV  
  31  3:27  Marine  
  31  3:28  Marine  
  31  3:31  Siege Tank  
  35  3:43  SCV  
  35  3:44  SCV  
  35  3:46  Marine x2, Supply Depot  
  39  3:50  Medivac  
  41  3:56  SCV  
  41  3:57  SCV  
  43  4:14  SCV  
  43  4:15  Stimpack  
  44  4:20  Supply Depot  
  44  4:22  Factory Tech Lab  
  44  4:24  Barracks  
  46  4:25  Medivac  
  46  4:27  Barracks  
  46  4:33  Barracks  
  46  4:35  Barracks  
  46  4:36  Supply Depot, SCV  
  46  4:37  Marine, SCV  
  49  4:45  Siege Tank  
  52  4:55  SCV  
  52  4:58  Marine  
  55  5:07  SCV  
  55  5:08  Medivac  
  55  5:10  SCV  
  55  5:12  Barracks Reactor  
  55  5:16  Engineering Bay  
  55  5:17  Marine x2, Supply Depot, Refinery, Engineering Bay  
  58  5:30  Barracks Reactor  
  58  5:31  Barracks Reactor  
  57  5:36  SCV  
  57  5:37  SCV  
  57  5:40  Marine x3  
  62  5:45  Supply Depot  
  62  5:47  Siege Tank  
  62  5:48  Marine x2  
  67  5:53  SCV x2  
  69  5:57  Marine  
  69  5:58  Marine  
  69  5:59  Marine  
  72  6:05  Supply Depot  
  72  6:06  Marine x2  
  72  6:07  Medivac  
  72  6:10  Marine x2, Supply Depot  
  72  6:11  Marine x2  
  79  6:15  Marine  
  81  6:20  Combat Shields  
  81  6:22  Marine x2  
  81  6:24  Marine x2  
  85  6:28  Marine, Supply Depot  
  86  6:34  Supply Depot  
  86  6:35  Supply Depot  
  86  6:39  Marine x4  
  90  6:40  Marine  
  90  6:46  Siege Tank  
  94  6:49  Marine x2  
  94  6:50  Marine  
  97  6:56  Medivac  
  97  6:58  Marine x3  
  97  6:59  Marine  
  103  7:09  Terran Infantry Weapons Level 1  
  103  7:10  Terran Infantry Armor Level 1  
  103  7:14  Marine  
  103  7:15  Marine x4  
  107  7:30  Marine  
  107  7:31  Marine x3  
  107  7:32  Marine x2  
  107  7:33  Marine  
  114  7:37  Marine x2  
  116  7:48  Marine x3  
  116  7:49  Marine  
  116  7:50  Marine x2  
  118  7:58  Marine x3  
  120  8:02  Siege Tank  
  120  8:03  Medivac  
  126  8:12  Marine  
  126  8:19  SCV  
  126  8:21  Marine, SCV  
  126  8:23  Marine x4  
  126  8:24  Marine x3  
  113  8:32  Marine  
  113  8:33  Medivac  
  113  8:34  Siege Tank  
  113  8:38  Marine  
  113  8:39  SCV  
  113  8:41  Marine x3  
  119  8:51  Marine x5  
  106  8:58  Marine x2  
  106  8:59  Marine x2  
  98  9:03  Medivac  
  98  9:08  Marine  
  98  9:09  Marine  
  97  9:14  Marine, Command Center  
  97  9:15  Marine x2  
  97  9:16  Marine  
  98  9:23  Marine x3  
  100  9:26  Marine  
Show
View Real Time Build Order
Export as new Build Order

llllllllllll Zerg 

Build Orders: Pool First, Muta Ling Bane 

Get SALT Encoding   

  12  0:00  Drone  
  13  0:08  Drone  
  14  0:18  Overlord  
  14  0:22  Extractor  
  14  0:23  Drone  
  15  0:36  Drone x2  
  17  0:44  Spawning Pool  
  16  0:54  Drone  
  16  0:56  Drone  
  18  0:58  Extractor  
  17  1:06  Drone  
  18  1:17  Hatchery  
  17  1:31  Zergling x2  
  17  1:32  Zergling x2  
  19  1:33  Queen  
  19  1:39  Drone  
  22  1:57  Overlord  
  22  1:59  Metabolic Boost  
  22  2:16  Drone x2  
  22  2:21  Queen  
  26  2:31  Drone x2  
  26  2:32  Drone  
  26  2:34  Queen  
  31  2:48  Overlord  
  30  3:02  Drone x5  
  34  3:11  Pneumatized Carapace  
  34  3:16  Zergling x2  
  34  3:17  Zergling x6  
  38  3:24  Hatchery  
  37  3:32  Drone x2  
  37  3:34  Queen  
  41  3:41  Drone x3  
  41  3:43  Overlord  
  44  3:55  Overlord  
  44  4:04  Drone  
  44  4:05  Drone x5  
  44  4:09  Drone x2  
  52  4:11  Extractor  
  52  4:13  Extractor  
  50  4:18  Evolution Chamber  
  50  4:20  Evolution Chamber  
  48  4:27  Zergling x4  
  48  4:30  Drone x3  
  53  4:46  Zerg Ground Armor Level 1, Zerg Melee Weapons Level 1  
  53  4:50  Queen, Drone  
  53  4:51  Drone x7  
  63  5:09  Drone x3  
  66  5:14  Overlord  
  66  5:15  Overlord, Extractor  
  66  5:17  Lair  
  66  5:19  Baneling Nest  
  64  5:26  Spore Crawler  
  63  5:34  Drone  
  63  5:35  Drone x8  
  72  5:40  Drone  
  72  5:41  Drone  
  73  5:50  Drone x6  
  80  6:04  Drone x2  
  80  6:05  Extractor  
  80  6:06  Extractor  
  80  6:10  Overlord x2  
  80  6:11  Overlord x4  
  79  6:23  Centrifical Hooks  
  79  6:24  Spire, Drone x2  
  79  6:25  Drone  
  81  6:26  Overlord  
  81  6:28  Hatchery  
  81  6:29  Drone  
  81  6:30  Drone x4  
  85  6:38  Drone x2  
  87  6:42  Drone  
  87  6:44  Zergling x4  
  87  6:45  Zergling x2  
  91  7:03  Zergling x10  
  91  7:04  Zergling x2  
  91  7:05  Baneling x6  
  91  7:06  Zergling x6  
  91  7:08  Zerg Ground Armor Level 2, Zerg Melee Weapons Level 2  
  100  7:09  Zergling x2  
  100  7:13  Zergling x10  
  106  7:18  Zergling x2  
  107  7:26  Zergling x2  
  107  7:27  Overlord, Zergling x6  
  111  7:32  Baneling x7  
  111  7:38  Mutalisk x6  
  111  7:41  Mutalisk x2  
  124  7:51  Mutalisk  
  124  7:52  Mutalisk  
  124  7:55  Mutalisk  
  124  7:56  Zergling x2  
  124  7:57  Zergling x6, Baneling  
  134  8:09  Overlord  
  134  8:10  Overlord x2  
  134  8:13  Zergling x6  
  134  8:14  Zergling x12  
  111  8:29  Zergling x8  
  111  8:30  Queen x3  
  111  8:32  Baneling x3  
  111  8:33  Baneling x3  
  120  8:34  Zergling x8  
  120  8:39  Zergling x2  
  120  8:40  Zergling x4  
  108  8:52  Queen, Zergling x10  
  95  8:59  Zergling x2  
  95  9:00  Zergling x2  
  95  9:02  Zergling x4  
  82  9:05  Queen  
  82  9:06  Baneling Nest  
  75  9:14  Zergling x8  
  74  9:19  Zergling x4  
  74  9:25  Zergling x2  
  74  9:26  Overseer  
  74  9:29  Zergling x4  
Tags
 
Add a new tag
Caveats
  • Supply blocks, unpowered buildings, or Contaminate may cause inaccurate times.
  • Supply counts are checked every 10 seconds.